 Dungeon Crawl Stone Soup version 0.18-a0-1405-g73f4075 (webtiles) character file.

1662 namelastname112 the Destroyer (level 8, 57/57 HPs)
             Began as a Red Draconian Conjurer on Feb 24, 2016.
             Was a Follower of Vehumet.
             Quit the game on level 6 of the Dungeon.
             The game lasted 00:10:10 (5748 turns).

namelastname112 the Destroyer (DrCj)                Turns: 5748, Time: 00:10:10

Health: 57/57      AC:  9    Str: 12    XL:     8   Next: 69%
Magic:  18/18      EV: 12    Int: 17    God:    Vehumet [*.....]
Gold:   290        SH:  0    Dex: 11    Spells: 3 memorised, 12 levels left

rFire  + . .     SeeInvis .     O - +1 whip (elec)
rCold  + . .     Gourm    .     (armour unavailable)
rNeg   . . .     Faith    .     (no shield)
rPois  .         Spirit   .     (helmet restricted)
rElec  .         Dismiss  .     B - +2 cloak
rCorr  .         Reflect  .     (no gloves)
SustAt +         Harm     .     (no boots)
MR     .....                    g - amulet of regeneration
Stlth  ++........               F - ring of sustain attributes
                                f - ring of protection from cold

@: drained, not resistant to hostile enchantments, unstealthy
A: breathe fire, unfitting armour, claws 1, stinger 1, fire resistance 1, sense
surroundings 1, cold-blooded, AC +6
a: Breathe Fire, Renounce Religion


You were on level 6 of the Dungeon.
You worshipped Vehumet.
Vehumet was aware of your devotion.
You were not hungry.

You visited 1 branch of the dungeon, and saw 6 of its levels.

You collected 290 gold pieces.

Inventory:

Hand Weapons
 O - a +1 whip of electrocution (weapon)
Armour
 B - a +2 cloak (worn)
Jewellery
 f - a ring of protection from cold (left claw)
 g - an amulet of regeneration (around neck)
 i - an uncursed ring of flight
 F - a ring of sustain attributes (right claw)
Wands
 n - a wand of digging (12/24)
 w - a wand of flame (37/48)
 I - a wand of iceblast (10/15)
 K - a wand of confusion (31/48)
 M - a wand of polymorph (8/24)
Scrolls
 c - 4 scrolls of identify
 d - 5 scrolls of amnesia
 p - a scroll of acquirement {unknown}
 t - 4 scrolls of immolation {unknown}
 y - 2 scrolls of blinking {unknown}
 C - 2 scrolls of enchant weapon {unknown}
 E - 2 scrolls of remove curse
 G - 2 scrolls of random uselessness {unknown}
 J - a scroll of recharging {unknown}
 L - a scroll of magic mapping
Potions
 e - 2 potions of curing
 h - a potion of brilliance
 j - a potion of might
 k - a potion of flight {unknown}
 m - 2 potions of heal wounds {unknown}
 r - a potion of agility
 s - a potion of berserk rage
 x - 2 potions of mutation
 z - a potion of beneficial mutation {unknown}
 N - a potion of magic {unknown}
Books
 a - a book of Conjurations

   Spells                             Type                      Level
   a - Magic Dart                     Conjuration                  1
   b - Searing Ray                    Conjuration                  2
   c - Dazzling Spray                 Conjuration/Hexes            3
   d - Fulminant Prism                Conjuration/Hexes            4
   e - Iskenderun's Mystic Blast      Conjuration                  4
   f - Iskenderun's Battlesphere      Conjuration/Charms           5
 D - a book of Debilitation

   Spells                             Type                      Level
   a - Corona                         Hexes                        1
   b - Slow                           Hexes                        2
   c - Gell's Gravitas                Hexes/Translocation          3
   d - Inner Flame                    Hexes/Fire                   3
   e - Cause Fear                     Hexes                        4
   f - Leda's Liquefaction            Hexes/Earth                  4
 H - a Grand Grimoire

   Spells                             Type                      Level
   a - Monstrous Menagerie            Summoning                    7
   b - Summon Greater Demon           Summoning                    7
   c - Malign Gateway                 Summoning/Translocation      7
   d - Summon Horrible Things         Summoning                    8
Comestibles
 b - 4 bread rations
 l - a beef jerky
 o - a meat ration
 A - 7 fruits


   Skills:
 - Level 1.7(1.6) Dodging
 - Level 1.7(1.6) Stealth
 + Level 6.7(6.6) Spellcasting
 + Level 8.2(8.1) Conjurations
 + Level 4.0(3.9) Charms


You had 12 spell levels left.
You knew the following spells:

 Your Spells              Type           Power        Failure   Level  Hunger
a - Iskenderun's Battles  Conj/Chrm      ####....     30%         5    #####..
x - Searing Ray           Conj           ####..       1%          2    None
z - Magic Dart            Conj           ####         1%          1    None


Dungeon Overview and Level Annotations

Branches:
Dungeon (6/15)
 Temple: D:4-7

Altars:
Elyvilon
Gozag
Pakellas
Ru
Sif Muna
Vehumet
Zin
The Shining One


Innate Abilities, Weirdness & Mutations

You can breathe blasts of fire.
Your fiery red scales are hard (AC +6).
Your body does not fit into most forms of armour.
Your flesh is heat resistant.
You are cold-blooded and may be slowed by cold attacks.
You have sharp fingernails.
Your tail ends in a poisonous barb.
You passively map a small area around you.


Message History

Confirm with . or Enter, or press ? or * to list all spells.
Aiming: Magic Dart
Press: ? - help, Shift-Dir - straight line, f/p - wight
Aim: a wight, wielding an enchanted flail and wearing a robe (almost destroyed)
The magic dart hits the wight.
You destroy the wight!
Vehumet accepts your kill.
You feel your power returning.
Casting: Magic Dart
Confirm with . or Enter, or press ? or * to list all spells.
You can't see any susceptible monsters within range! (Use Z to cast anyway.)
You start resting.
Your magical contamination has completely faded away.
You start resting.
HP restored.
Things that are here:
an enchanted flail; a robe You start resting.
Magic restored.
Are you sure you want to abandon this character and quit the game? (Confirm with "yes".)

≈.≈ *#≈.≈# * .≈ ≈.≈ #≈.≈#
≈.≈ * * ≈.≈###≈.≈###≈.≈*
* , ≈ ≈.≈≈≈≈≈.≈≈≈≈≈.≈
........... ,, , ≈≈≈.≈≈≈
≈. **#≈.≈#* ≈.≈ ≈ ≈.≈
#≈)≈# ≈.≈ ,
≈.≈###≈@≈###≈.≈ ≈
≈.≈≈≈≈≈.≈≈≈≈≈.≈≈≈≈ ,
..................,
≈.≈≈≈≈≈.≈≈≈≈≈.≈≈≈ ,, *
≈.≈###≈.≈###≈.≈# #≈..*.
≈.≈ #≈.≈# #≈.≈# #≈.##.
≈.≈###≈.≈###≈.≈###≈...#*
≈.≈≈≈≈≈.≈≈≈≈≈.≈≈≈≈≈.#.# ,
,...............^......##


There were no monsters in sight!

Vanquished Creatures
  Pikel (D:6)
  A hippogriff (D:3)
  An orc warrior (D:4)
  3 slaves (D:4)
  A sky beast (D:5)
  An ogre (D:5)
  2 wights (D:6)
  2 electric eels (D:6)
  A centaur zombie (D:4)
  An orc priest (D:5)
  A jelly (D:5)
  Crazy Yiuf (D:4)
  A hound (D:6)
  3 orc wizards
  A centaur skeleton (D:4)
  Terence (D:2)
  2 iguanas (D:5)
  2 worker ants (D:5)
  Natasha (thrice) (D:4)
  A worker ant zombie (D:5)
  6 adders
  2 shadow imps
  2 oozes
  An adder zombie (D:5)
  4 worms
  A dart slug (D:2)
  A giant gecko (D:6)
  13 orcs
  9 bats
  3 giant cockroaches
  4 goblins
  5 hobgoblins
  2 jackals (D:3)
  4 quokkas
  A ball python (D:4)
  A giant gecko skeleton (D:4)
  2 giant newts
  10 kobolds
  7 rats
108 creatures vanquished.

Vanquished Creatures (others)
  A troll (D:3)
1 creature vanquished.

Grand Total: 109 creatures vanquished

Notes
Turn   | Place    | Note
--------------------------------------------------------------
     0 | D:1      | namelastname112 the Draconian Conjurer began the quest for the Orb.
     0 | D:1      | Reached XP level 1. HP: 14/14 MP: 3/3
   142 | D:1      | Reached XP level 2. HP: 17/20 MP: 0/5
   200 | D:1      | Learned a level 2 spell: Searing Ray
   913 | D:2      | Found a radiant altar of Vehumet.
   915 | D:2      | Found a sacrificial altar of Ru.
   915 | D:2      | Found an opulent altar of Gozag.
   930 | D:2      | Found a deep blue altar of Sif Muna.
  1417 | D:2      | Reached XP level 3. HP: 26/26 MP: 1/7
  1446 | D:2      | Noticed Terence
  1464 | D:2      | Killed Terence
  1881 | D:3      | Reached XP level 4. HP: 33/33 MP: 5/9
  2338 | D:3      | Found an oddly glowing altar of Pakellas.
  2338 | D:3      | Noticed an orange crystal statue
  2339 | D:3      | Noticed a troll
  2343 | D:3      | Killed a troll
  2424 | D:3      | Reached skill level 5 in Conjurations
  2426 | D:3      | Noticed a hippogriff
  2500 | D:3      | Killed a hippogriff
  2500 | D:3      | Reached XP level 5. HP: 19/38 MP: 9/11
  2975 | D:4      | Noticed a slave
  2975 | D:4      | Noticed a slave
  2976 | D:4      | Noticed Pikel
  2987 | D:4      | Noticed a slave
  2997 | D:4      | Killed a slave
  3001 | D:4      | Noticed a slave
  3012 | D:4      | Found a radiant altar of Vehumet.
  3361 | D:4      | Killed a slave
  3466 | D:4      | Got a dazzling long sword
  3467 | D:4      | Identified the +1 long sword "Lustah" {freeze, rElec} (You found it on level 4 of the Dungeon)
  3493 | D:4      | Gained mutation: Your tail ends in a poisonous barb. [potion of mutation]
  3493 | D:4      | Gained mutation: You have sharp fingernails. [potion of mutation]
  3493 | D:4      | Gained mutation: You passively map a small area around you. [potion of mutation]
  3555 | D:4      | Killed a slave
  3659 | D:4      | Noticed an orc warrior
  3979 | D:4      | Found a glowing silver altar of Zin.
  3979 | D:4      | Found a white marble altar of Elyvilon.
  3980 | D:4      | Found a glowing golden altar of the Shining One.
  4101 | D:4      | Noticed Crazy Yiuf
  4116 | D:4      | Killed Crazy Yiuf
  4116 | D:4      | Reached XP level 6. HP: 33/45 MP: 3/12
  4405 | D:4      | Noticed Natasha
  4409 | D:4      | Killed Natasha
  4409 | D:4      | Reached skill level 6 in Conjurations
  4566 | D:4      | Noticed Natasha
  4575 | D:4      | Killed an orc warrior
  4583 | D:4      | Killed Natasha
  4583 | D:4      | Reached skill level 5 in Spellcasting
  4590 | D:4      | Noticed Natasha
  4594 | D:4      | Killed Natasha
  4594 | D:4      | Reached XP level 7. HP: 20/50 MP: 7/14
  4594 | D:4      | Your scales start taking on a fiery red colour.
  4594 | D:4      | Gained mutation: Your flesh is heat resistant. [Red Draconian growth]
  4652 | D:4      | Learned a level 5 spell: Iskenderun's Battlesphere
  4652 | D:4      | Became a worshipper of Vehumet
  4659 | D:5      | Entered Level 5 of the Dungeon
  4791 | D:5      | Reached skill level 1 in Charms
  4814 | D:5      | Reached skill level 7 in Conjurations
  5353 | D:6      | Reached XP level 8. HP: 57/57 MP: 8/16
  5442 | D:6      | Reached * piety under Vehumet
  5442 | D:6      | Offered knowledge of Sandblast by Vehumet.
  5576 | D:6      | Killed Pikel
  5576 | D:6      | Reached skill level 8 in Conjurations
  5748 | D:6      | Quit the game

Vault maps used:
D:1:      minmay_arrival_stone_box
D:2:      nicolae_overflow_quartered_altars, grunt_decor_arrowhead, uniq_terence
D:3:      gammafunk_pakellas_statue_experiment
D:4:      good_gods_temple_1, first_bread, vehumet_altar_wand_db,
          uniq_crazy_yiuf_cottage, uniq_natasha, uniq_pikel
D:6:      minmay_misc_feat_iff, kennysheep_boxes

Skill      XL: |  1  2  3  4  5  6  7  8 |
---------------+-------------------------+-----
Spellcasting   | 3 4 5 6 |  6.7
Conjurations   | 5 6 7 8 |  8.2
Charms         | 2 4 |  4.0
Dodging        | |  1.7
Stealth        | |  1.7

Action                   |  1- 3 |  4- 6 |  7- 9 || total
-------------------------+-------+-------+-------++-------
Melee: Unarmed           |    23 |       |       ||    23
       Dagger            |    12 |     2 |       ||    14
       Hand axe          |     8 |    30 |       ||    38
       Quarterstaff      |       |    22 |    19 ||    41
 Fire: Blowgun           |       |     6 |       ||     6
 Cast: Magic Dart        |    54 |    76 |    95 ||   225
       Searing Ray       |     2 |    12 |     3 ||    17
 Abil: Breathe Fire      |       |       |     4 ||     4
  Use: Scroll            |       |     9 |       ||     9
       Potion            |       |     4 |       ||     4
  Eat: Pizza             |     1 |     1 |       ||     2
       Chunk             |     2 |     7 |     1 ||    10
       Meat ration       |       |       |     1 ||     1
